 Dungeon Crawl Stone Soup version 0.24.1-4-ge52af88ad5 (webtiles) character file.

Game seed: 12010870085956701367, levelgen mode: deterministic

69 Peloso the Covered (level 4, 0/41 HPs)
             Began as a Minotaur Fighter on Apr 12, 2020.
             Slain by an orc priest
             ... wielding a +0 short sword
              (1 damage)
             ... on level 4 of the Dungeon.
             The game lasted 00:03:05 (964 turns).

Peloso the Covered (Minotaur Fighter)                Turns: 964, Time: 00:03:05

Health: 0/41       AC:  7    Str: 20    XL:     4   Next: 2%
Magic:  3/3        EV:  7    Int:  5    God:
Gold:   48         SH:  9    Dex: 11    Spells: 3/3 levels left

rFire    . . .     SeeInvis .   a - +0 long sword
rCold    . . .     Gourm    .   c - +0 shield
rNeg     . . .     Faith    .   b - +0 scale mail
rPois    .         Spirit   .   (helmet restricted)
rElec    .         Reflect  .   (no cloak)
rCorr    .         Harm     .   (no gloves)
MR       .....                  (no boots)
Stlth    ..........             (no amulet)
HPRegen  0.13/turn              (no ring)
MPRegen  0.08/turn              (no ring)

@: no status effects
A: retaliatory headbutt, horns 2
a: no special abilities


You were on level 4 of the Dungeon.
You were not hungry.

You visited 1 branch of the dungeon, and saw 3 of its levels.

You collected 48 gold pieces.

Inventory:

Hand Weapons
 a - a +0 long sword (weapon)
Armour
 b - a +0 scale mail (worn)
 c - a +0 shield (worn)
Jewellery
 e - a cursed -3 ring of intelligence {unknown}
 i - an uncursed ring of positive energy {unknown}
Scrolls
 h - a scroll of enchant armour {unknown}
 j - a scroll of teleportation {unknown}
Potions
 d - a potion of might
Comestibles
 f - 5 rations


   Skills:
 + Level 4.3 Fighting
 + Level 3.0 Long Blades
 + Level 4.4 Armour
 + Level 0.3 Dodging
 + Level 4.3 Shields


You had 3 spell levels left.
You didn't know any spells.
Your spell library was empty.

Dungeon Overview and Level Annotations

Branches:
Dungeon (2/15)

Altars:


Innate Abilities, Weirdness & Mutations

You reflexively headbutt those who attack you in melee.
You have a pair of horns on your head.


Message History

An orc comes into view. It is wielding a -1 club.
The orc hits you but does no damage.
You barely miss the orc.
The orc is heavily wounded.
You block the orc's attack.
You hit the orc.
You kill the orc!
You have reached level 4!
You feel agile.
The orc priest looks satisfied for a moment.
The orc priest miscasts a cantrip.
Okay, then.
The orc priest hits you with a +0 short sword.
* * * LOW HITPOINT WARNING * * *
Things that are here:
a +0 mace of protection; an orc corpse; a jackal corpse You barely miss the orc priest.
The orc priest is severely wounded.
The orc priest hits you with a +0 short sword.
You die...

## .. #. #.
.#####.#########
.Z.....#.oZo@..#
.......#.#####.##########
..o.o.......<............
....o.##.#.#...#.########
##.#.. #.#.....#.# #
#.#.#.#.#.#.#
#.#...#.#.#.#.######
...................#
#.#####.#####...##.#


You could see an orc priest, an orc and a jackal skeleton.

Vanquished Creatures
  A howler monkey (D:4)
  A worm (D:2)
  3 leopard geckos (D:1)
  An orc (D:4)
  3 giant cockroaches (D:1)
  3 goblins (D:1)
  5 hobgoblins (D:1)
  A jackal (D:4)
  2 bats (D:1)
  A kobold (D:1)
  4 rats (D:1)
25 creatures vanquished.

Notes
Turn   | Place    | Note
-------+----------+-------------------------------------------
     0 | D:1      | Peloso the Minotaur Fighter began the quest for the Orb.
     0 | D:1      | Reached XP level 1. HP: 19/19 MP: 0/0
   194 | D:1      | Reached XP level 2. HP: 27/27 MP: 1/1
   899 | D:2      | Reached XP level 3. HP: 33/33 MP: 2/2
   906 | D:2      | You fall into a shaft and drop 2 floors!
   962 | D:4      | Reached XP level 4. HP: 3/41 MP: 3/3
   963 | D:4      | HP: 1/41 [orc priest/+0 short sword (3)]
   964 | D:4      | Slain by an orc priest

Levels and vault maps discovered:
D:1:      dpeg_arrival_morbid_curiosity, layout_basic
D:2:      layout_loops_ring, lemuel_crystal_altar, uniq_robin, uniq_terence
D:4:      layout_basic, first_ration

Skill      XL: |  1  2  3 |
---------------+----------+-----
Fighting       | 4 |  4.3
Shields        | 4 |  4.3
Armour         | 4 |  4.4
Long Blades    | 3 |  3.0
Dodging        | |  0.3

Action                   |  1- 3 |  4- 6 || total
-------------------------+-------+-------++-------
Melee: Long sword        |    60 |     1 ||    61
       Headbutt          |    11 |       ||    11
  Use: Potion            |     1 |       ||     1
Armor: Scale mail        |    24 |       ||    24
Dodge: Dodged            |    22 |       ||    22
Block: Shield            |    35 |       ||    35
       Rpst.: Long sword |     4 |       ||     4
